 Dungeon Crawl Stone Soup version 0.18.1-6-gd335043 (webtiles) character file.

742547 Canard the Invulnerable (level 27, -1/249 HPs)
             Began as a Formicid Abyssal Knight on May 14, 2016.
             Was an Elder of Lugonu.
             Killed from afar by an orb of fire (10 damage)
             ... with a bolt of fire
             ... on level 5 of the Realm of Zot on May 15, 2016.
             The game lasted 05:20:33 (85247 turns).

Canard the Invulnerable (Formicid Abyssal Knight)  Turns: 85247, Time: 05:20:34

Health: -1/249     AC: 48    Str: 30 (32) XL:     27
Magic:  36/37      EV: 18    Int: 10 (11) God:    Lugonu [****..]
Gold:   8158       SH: 23    Dex:  9 (10) Spells: 3 memorised, 20 levels left

rFire  + + .     SeeInvis +     a - +7 great sword (slice)
rCold  + + .     Gourm    .     V - +9 gold dragon armour
rNeg   + + .     Faith    .     y - +2 large shield {reflect}
rPois  +         Spirit   .     (helmet unavailable)
rElec  +         Dismiss  .     Q - +2 cloak {+Inv}
rCorr  .         Reflect  +     t - +2 pair of gloves {archery}
SustAt .         Harm     .     p - +2 pair of boots "Xoblakao" {rPois rN++ Int-3 Stlth+}
MR     +....                    R - amulet "Fepna" {rC+ Regen+ Str+2 Slay+3}
Stlth  ..........               H - ring of Shaolin {EV+8}
                                i - ring "Ofull" {rElec rF+ MR- Str+4}

@: lethally poisoned (-1 -> -1), drained, somewhat resistant to hostile
enchantments, extremely unstealthy
A: permanent stasis, dig shafts and tunnels, four strong arms, antennae 3,
clumsy 1, deterioration 2, subdued magic 3
a: Dig, Shaft Self, Depart the Abyss, Bend Space, Banish, Corrupt, Renounce
Religion, Evoke Invisibility
0: Orb of Zot
}: 5/15 runes: serpentine, barnacled, slimy, silver, abyssal


You were on level 5 of the Realm of Zot.
You worshipped Lugonu.
Lugonu was greatly pleased with you.
You were not hungry.

You visited 10 branches of the dungeon, and saw 57 of its levels.
You visited the Abyss 7 times.
You also visited: Ice Cave.

You collected 8786 gold pieces.
You spent 135 gold pieces at shops.

Inventory:

Hand Weapons
 a - a +7 great sword of slicing (weapon)
   (You took it off Sojobo on level 3 of the Vaults)
Missiles
 b - 15 silver javelins
 v - a throwing net
 O - 16 javelins of penetration
 U - 39 javelins (quivered)
 Z - 19 poisoned javelins
Armour
 p - the +2 pair of boots "Xoblakao" (worn) {rPois rN++ Int-3 Stlth+}
   (You found it on level 3 of the Abyss)

   It affects your intelligence (-3).
   It protects you from poison.
   It greatly protects you from negative energy.
   It makes you more stealthy.
 t - a +2 pair of gloves of archery (worn)
   (You bought it in a shop on level 4 of the Shoals)
 y - a +2 large shield of reflection (worn)
   (You took it off a naga warrior on level 1 of the Snake Pit)
 Q - a +2 cloak of invisibility (worn)
   (You took it off a draconian shifter on level 3 of the Realm of Zot)
 V - a +9 gold dragon armour (worn)
   (You took it off a deep elf blademaster on level 3 of the Elven Halls)
Rods
 g - a +9 rod of clouds (17/17)
   (You found it on level 11 of the Dungeon)
Jewellery
 i - the ring "Ofull" (left hand) {rElec rF+ MR- Str+4}
   (You took it off a centaur warrior on level 4 of the Depths)

   [ring of protection from fire]

   It affects your strength (+4).
   It protects you from fire.
   It insulates you from electricity.
   It affects your resistance to hostile enchantments.
 o - an uncursed ring of resist corrosion
   (You took it off a deep elf knight on level 3 of the Elven Halls)
 x - a +4 ring of slaying
   (You found it on level 6 of the Pits of Slime)
 H - the ring of Shaolin (right hand) {EV+8}
   (You found it on level 7 of the Lair of Beasts)

   [ring of evasion]

   It affects your evasion (+8).
 R - the amulet "Fepna" (around neck) {rC+ Regen+ Str+2 Slay+3}
   (You found it on level 8 of the Lair of Beasts)

   [amulet of regeneration]

   It affects your strength (+2).
   It affects your accuracy and damage with ranged weapons and melee attacks
   (+3).
   It protects you from cold.
   It increases your rate of regeneration.
Wands
 S - a wand of iceblast (15/15)
   (You found it on level 8 of the Dungeon)
Scrolls
 l - 25 scrolls of remove curse
 n - 6 scrolls of recharging
 q - 9 scrolls of fog
 A - a scroll of holy word
 E - 2 scrolls of magic mapping
 F - 2 scrolls of summoning
 G - 7 scrolls of silence
 X - 2 scrolls of identify
 Y - 8 scrolls of fear
Potions
 d - 8 potions of flight
 e - 2 potions of heal wounds
 h - 3 potions of might
 m - 7 potions of cancellation
 z - 15 potions of curing
 J - 2 potions of resistance
 K - 6 potions of agility
Miscellaneous
 f - an ornate deck of changes {the Alchemist, drawn: 1}
   (You found it on level 1 of the Lair of Beasts)
 j - a box of beasts
   (You found it on level 4 of the Depths)
 k - a box of beasts
   (You found it on level 1 of the Abyss)
 r - an ornate deck of changes {the Alchemist, drawn: 2}
   (You found it on level 3 of the Elven Halls)
 s - an ornate deck of wonders {the Alchemist, drawn: 4}
   (You found it on level 6 of the Pits of Slime)
 u - a lamp of fire
   (You found it on level 13 of the Dungeon)
 w - a box of beasts {used: 1}
   (You found it on level 9 of the Dungeon)
 B - a stone of tremors
   (You found it on level 4 of the Shoals)
 C - an ornate deck of summoning {drawn: 1}
   (You found it on level 5 of the Vaults)
 I - an ornate deck of defence {the Shadow, drawn: 2}
   (You found it on level 3 of the Depths)
 L - a fan of gales (inert)
   (You found it on level 2 of the Abyss)
 M - a sack of spiders
   (You found it on level 5 of the Vaults)
 P - an ornate deck of wonders {Dowsing, drawn: 2}
   (You found it on level 3 of the Elven Halls)
 W - a phial of floods (inert)
   (You found it on level 13 of the Dungeon)
Comestibles
 c - 29 bread rations
 D - 2 royal jellies
 T - 5 beef jerkies


   Skills:
 O Level 27(26.9) Fighting
 + Level 21.6(21.5) Long Blades
 - Level 18.1(18.0) Throwing
 O Level 27(26.9) Armour
 - Level 5.0(4.9) Dodging
 - Level 15.0(14.9) Shields
 - Level 17.6(17.5) Invocations
 - Level 20.7(20.6) Evocations


You had 20 spell levels left.
You knew the following spells:

 Your Spells              Type           Power        Failure   Level  Hunger
a - Repel Missiles        Chrm/Air       #.....       99%         2    ###....
b - Summon Butterflies    Summ           #.......     98%         1    ##.....
c - Regeneration          Chrm/Necr      #.........   100%        3    ####...


Dungeon Overview and Level Annotations

Branches:
Dungeon (15/15)            Temple (0/1) D:5            Lair (8/8) D:11
 Shoals (4/4) Lair:6        Snake (4/4) Lair:3        Slime (6/6) Lair:7
    Orc (2/2) D:9             Elf (3/3) Orc:2        Vaults (5/5) D:14
  Crypt (0/3) Vaults:3     Depths (5/5) D:15            Zot (5/5) Depths:5

Altars:
Ashenzari
Cheibriados
Dithmenos
Elyvilon
Fedhas
Gozag
Kikubaaqudgha
Makhleb
Nemelex Xobeh
Trog
Vehumet
Xom
The Shining One
Beogh
Jiyva

Shops:
D:4 *   D:6 *   D:12 (   D:13 [   Orc:2 !%([}   Elf:2 (   Shoals:3 (
Shoals:4 *   Vaults:3 %   Vaults:4 *   Depths:1 }

Portals:
Hell: Depths:1 Depths:2 Depths:3 Depths:4 Depths:5
Abyss: Depths:4
Pandemonium: Depths:1 Depths:2 Depths:3 Depths:4
Ziggurat: Depths:3
Trove: Elf:1 (give potion of experience)

Annotations:
D:3 enchanted long sword on wight
Zot:5 corrupted


Innate Abilities, Weirdness & Mutations

You are under a permanent stasis effect.
You can dig through walls and to a lower floor.
Your four strong arms can wield two-handed weapons with a shield.
You have a pair of large antennae on your head (SInv).
You are clumsy. (Dex -2)
Your body often deteriorates upon taking damage.
Your spells are much easier to cast, but much less powerful.


Message History

You feel sick.
The ufetubus disappears in a puff of smoke!
The orb of fire glows bright magenta.
The bolt of fire hits you! You resist.
* * * LOW HITPOINT WARNING * * *
You hear a distant "Zot"!
Huge Dmg: -6%(-16hp) hp: 12%(28hp)
The orb of fire glows yellow.
The bolt of fire hits you! You resist.
* * * LOW HITPOINT WARNING * * *
The Orb Guardian hits you but does no damage.
You block the Orb Guardian's attack.
Huge Dmg: -7%(-18hp) hp: 5%(10hp) Unknown command.
Space bends sharply around you!
The Orb Guardian blinks! x2; You blink.
* * * LOW HITPOINT WARNING * * *
You feel slightly more hungry.
The orb of fire glows bright magenta.
The bolt of fire hits you! You resist.
You die...

▓▓.2.....p{6.{{..........▓*
.▓...p.......d334.......▓*
..4.......4..68§.......▓▓
2▓............34*.......▓▓
▓▓.............§X........▓▓
▓▓................XX.....X▓
#................*.......▓
##.........^.....*X§§...▓▓
##▓...........@.p.X§..▓▓
▓▓▓▓...............▓▓
*▓▓▓▓▓▓▓▓▓▓▓##X....▓▓
###.....,,,,,.........#*
##....#*,,,,,,..........#*
#...#**,,,,,,............**
..{#**,,,,,,{b...........,*
..## *,,,,,,........(....,*
..# *,,,,,..............,*


You could see 3 orbs of fire, a Killer Klown, a tentacled monstrosity, a purple
draconian, 5 Orb Guardians, a spellforged servitor, a sun demon, an infernal
demonspawn, 2 rust devils, a ynoxinul and a red devil.

Vanquished Creatures
  the Royal Jelly (Slime:6)
  8 orbs of fire
  3 ancient liches
  Mara (Depths:2)
  3 juggernauts
  Sojobo (Vaults:3)
  Saint Roka (Depths:2)
  Frederick (Depths:5)
  Margery (Depths:4)
  A caustic shrike (Depths:5)
  3 curse toes
  A Killer Klown (Zot:5)
  Nikola (Depths:1)
  19 golden dragons
  the Enchantress (Depths:1)
  3 iron giants (Depths:5)
  A profane servitor (Abyss:3)
  6 liches
  3 electric golems
  A hellephant (Abyss:1)
  19 tentacled monstrosities
  15 Orb Guardians (Zot:5)
  2 deep elf blademasters (Abyss:3)
  Rupert (Lair:7)
  2 titans
  2 quicksilver dragons
  2 deep elf master archers (Elf:3)
  8 death cobs
  Polyphemus (Shoals:3)
  19 acid blobs
  8 sphinxes
  An ancient champion (Vaults:3)
  11 tentacled starspawn
  14 shadow dragons
  8 tengu reavers
  11 greater nagas
  Kirke (D:14)
  15 storm dragons
  Roxanne (D:15)
  10 fire giants
  10 azure jellies
  A daeva (Abyss:1)
  11 deep elf sorcerers
  6 iron dragons
  Ilsuiw (Shoals:4)
  Wiglaf (Vaults:4)
  A ghost moth (Zot:5)
  2 draconian scorchers (Zot:3)
  15 vault wardens
  13 frost giants
  2 orc warlords
  Louise (Depths:4)
  Aizul (Depths:1)
  2 war gargoyles
  7 deep elf elementalists
  4 draconian shifters
  3 draconian zealots
  7 spriggan defenders
  26 stone giants
  14 ironheart preservers
  6 draconian annihilators
  6 vampire knights
  2 salamander stormcallers
  5 black draconians
  11 very ugly things
  6 draconian callers
  10 deep elf demonologists
  5 green draconians
  7 yellow draconians
  9 deep elf annihilators
  11 white draconians
  Azrael (D:12)
  8 spark wasps
  6 purple draconians
  5 red draconians
  3 mottled draconians
  A lorocyproca (Abyss:1)
  Snorg (D:13)
  8 ettins
  An eidolon (Abyss:1)
  A green death (Abyss:1)
  5 death oozes (Slime:6)
  34 vault guards
  23 fire dragons
  15 deep elf death magi
  2 blizzard demons
  9 merfolk impalers
  4 merfolk javelineers
  13 yaktaur captains
  8 entropy weavers
  7 deep elf high priests
  15 ice dragons
  15 great orbs of eyes
  7 ogre magi
  9 spriggan air magi
  2 ghost crabs (shapeshifter)
  16 naga warriors
  11 hydras
  11 rakshasas
  3 hell beasts
  Erolcha (D:13)
  An ice dragon (shapeshifter) (Depths:5)
  Erica (D:8)
  7 catoblepae
  3 death knights
  12 centaur warriors
  9 merfolk aquamancers
  26 death yaks
  4 anacondas
  4 alligator snapping turtles
  8 deep troll shamans
  5 vampire magi
  9 deep troll earth magi
  2 tengu warriors
  28 dancing weapons
  A titan zombie (Vaults:5)
  5 hell hogs
  12 naga sharpshooters
  7 thrashing horrors
  8 spriggan berserkers
  7 shock serpents
  3 orc high priests
  An iron giant zombie (Depths:1)
  24 deep elf knights
  A soul eater (Depths:4)
  Sonja (D:13)
  A sun demon (Abyss:1)
  A salamander mystic (Snake:4)
  4 wretched stars
  A fire crab (Vaults:2)
  5 iron trolls
  A fire crab (shapeshifter) (D:13)
  A death drake (shapeshifter) (Vaults:3)
  A sea snake (shapeshifter) (Vaults:5)
  A quicksilver dragon simulacrum (Depths:4)
  10 hell knights
  2 shadow wraiths
  5 unseen horrors
  9 skeletal warriors
  A spriggan druid (Elf:3)
  13 sea snakes
  27 deep trolls
  A deep troll (shapeshifter) (Elf:1)
  A kraken simulacrum (Shoals:4)
  3 giant orange brains
  An infernal demonspawn (Depths:2)
  5 flayed ghosts
  11 starcursed masses
  An orange crystal statue (Shoals:1)
  13 deep elf archers
  6 naga ritualists
  11 ironbrand convokers
  A golden dragon skeleton (Depths:4)
  4 hill giants
  An anubis guard (shapeshifter) (Depths:3)
  2 wizards
  Pikel (D:9)
  13 orc knights
  3 phantasmal warriors
  A harpy (shapeshifter) (Vaults:5)
  A griffon (shapeshifter) (Depths:2)
  19 necromancers
  76 deep elf magi
  6 mana vipers
  24 harpies
  A mana viper (shapeshifter) (Vaults:5)
  4 shining eyes
  12 manticores
  A shadow dragon skeleton (Depths:4)
  8 griffons
  7 orc sorcerers
  3 wolf spiders
  2 hornets
  3 fauns (Shoals:1)
  28 moths of wrath
  20 ugly things
  A stone giant zombie (Depths:1)
  5 worldbinders
  14 cyclopes
  14 salamanders
  6 water nymphs
  3 sixfirhies
  3 eyes of devastation (Slime:6)
  13 elephants
  3 sirens
  8 smoke demons
  2 fire giant skeletons
  16 vault sentinels
  15 naga magi
  2 apocalypse crabs
  25 black mambas
  3 rust devils
  4 orange demons
  2 ice statues (IceCv)
  A gargoyle (D:15)
  2 torpor snails
  20 guardian serpents
  12 spiny frogs
  A spriggan skeleton (Depths:4)
  12 freezing wraiths
  A salamander skeleton (Vaults:5)
  A yaktaur (shapeshifter) (Depths:1)
  2 kobold demonologists
  A rime drake (Lair:4)
  2 demonic crawlers
  47 yaktaurs
  A tormentor (Depths:1)
  8 hellwings
  4 ice devils
  3 red devils
  6 komodo dragons
  7 tengu conjurers
  3 ancient zymes
  A polar bear (Elf:3)
  6 trolls
  6 wind drakes
  A wind drake (shapeshifter) (D:13)
  A jumping spider (shapeshifter) (Depths:5)
  6 jumping spiders
  9 boulder beetles
  31 merfolk
  12 two-headed ogres
  117 slime creatures
  15 blink frogs
  An iron dragon simulacrum (Abyss:3)
  13 raiju
  An ettin zombie (Abyss:1)
  14 snapping turtles
  A fire giant simulacrum (Vaults:5)
  3 centaur simulacra (D:15)
  A frost giant simulacrum (Vaults:1)
  12 air elementals
  A tarantella (Depths:4)
  2 tarantellas (shapeshifter)
  6 spriggans
  9 ynoxinuls
  4 shadows
  19 flying skulls (Zot:2)
  82 yaks
  2 vampires
  17 large abominations
  17 redbacks
  20 humans (D:14)
  27 water elementals
  7 basilisks
  5 chaos spawn
  A fire bat (shapeshifter) (Vaults:4)
  3 wyverns
  3 wraiths
  3 hogs (D:14)
  A hog (shapeshifter) (D:14)
  4 golden eyes (Slime:6)
  24 small abominations
  9 fire elementals
  16 hippogriffs
  4 neqoxecs
  9 vampire mosquitoes
  2 fire bats (Abyss:1)
  2 hungry ghosts
  A steam dragon (D:13)
  Grum (D:9)
  4 mottled dragons
  Menkaure (D:7)
  11 wargs
  47 nagas
  8 hell hounds
  A spiny frog zombie (Abyss:1)
  18 water moccasins
  A soldier ant (shapeshifter) (Vaults:2)
  A giant eyeball (shapeshifter) (Abyss:3)
  2 giant eyeballs
  13 porcupines
  2 sky beasts (shapeshifter)
  5 sky beasts
  10 ice beasts
  5 phantoms
  7 eyes of draining
  A black bear (D:10)
  48 orc warriors
  5 wasps
  A deep troll simulacrum (Depths:1)
  An eye of draining (shapeshifter) (Depths:2)
  11 boggarts
  A necrophage (D:12)
  16 wolves
  A slave (D:9)
  42 ogres
  20 centaurs
  12 crocodiles
  A big kobold (shapeshifter) (Depths:3)
  2 gnoll sergeants (D:9)
  3 big kobolds (D:9)
  19 giant frogs
  5 earth elementals
  3 scorpions
  8 killer bees
  A scorpion (shapeshifter) (Vaults:3)
  3 howler monkeys (D:10)
  7 wights
  5 electric eels
  2 giant frog zombies (D:12)
  3 centaur zombies
  8 crimson imps
  24 jellies
  5 quasits
  4 giant frog skeletons
  3 hounds
  28 orc priests
  24 orc wizards
  6 centaur skeletons
  An iron imp (Depths:3)
  Jessica (D:2)
  8 iguanas
  15 worker ants
  6 yak simulacra (Lair:7)
  Ijyb (D:2)
  2 polar bear simulacra (Lair:7)
  A shapeshifter simulacrum (Depths:1)
  25 sheep
  2 wolf simulacra (Lair:7)
  A hound skeleton (D:11)
  A howler monkey zombie (D:4)
  13 gnolls
  A gnoll (shapeshifter) (Vaults:5)
  16 adders
  43 river rats
  8 shadow imps
  13 white imps
  6 ufetubi
  2 oozes
  3 adder skeletons
  2 adder zombies
  5 worms
  A dart slug (D:2)
  10 giant geckos
  142 orcs
  18 bats
  7 giant cockroaches
  12 goblins
  5 hobgoblins
  6 jackals
  5 quokkas
  4 ball pythons
  A giant gecko skeleton (D:5)
  2 giant newts
  10 kobolds
  28 rats
  A river rat simulacrum (Lair:7)
  A crawling corpse (Elf:3)
  A fire vortex (Vaults:2)
  A tentacle (Shoals:4)
  A tentacle segment (Abyss:3)
2944 creatures vanquished.

Vanquished Creatures (collateral kills)
  A deep elf blademaster (Elf:3)
  A frost giant (Vaults:4)
  An ironheart preserver (Vaults:4)
  A small abomination (Vaults:5)
  A deep elf high priest (Vaults:5)
  An ogre (D:9)
6 creatures vanquished.

Vanquished Creatures (others)
  An ancient lich (Zot:5)
  6 Orb Guardians (Zot:5)
  A storm dragon (Zot:5)
  A draconian scorcher (Zot:4)
  An ironheart preserver (Vaults:1)
  2 stone giants (Depths:5)
  A purple draconian (Zot:5)
  3 merfolk javelineers
  A fire dragon (Zot:5)
  A vault guard (Vaults:5)
  A deep elf high priest (Elf:3)
  3 yaktaur captains
  An ogre mage (Vaults:3)
  A merfolk aquamancer (Shoals:4)
  A satyr (Shoals:4)
  A naga sharpshooter (Snake:4)
  A fire crab (Abyss:3)
  A deep troll (Depths:3)
  A harpy (Vaults:4)
  2 unseen horrors
  2 ugly things (Vaults:2)
  A cyclops (Vaults:1)
  A moth of wrath (Zot:5)
  9 yaktaurs
  An ice devil (Zot:5)
  2 merfolk
  A raiju (Abyss:1)
  A slave (D:9)
  A tengu (Zot:4)
  2 ogres
  A boggart (Depths:2)
  4 centaurs
  A small abomination (Abyss:1)
  A sheep (Shoals:3)
  2 orcs
  50 fungi
  A lurking horror (Abyss:3)
  30 plants
  25 starspawn tentacles
  218 starspawn tentacle segments
  14 tentacles
  879 tentacle segments
1278 creatures vanquished.

Grand Total: 4228 creatures vanquished

Notes
Turn   | Place    | Note
--------------------------------------------------------------
     0 | Abyss:1  | Canard the Formicid Abyssal Knight began the quest for the Orb.
     0 | Abyss:1  | Reached XP level 1. HP: 18/18 MP: 2/2
     3 | Abyss:1  | Found a corrupted altar of Lugonu.
    30 | Abyss:1  | Noticed a fire bat
    34 | D:1      | Escaped the Abyss
   130 | D:1      | Reached XP level 2. HP: 24/24 MP: 3/3
   260 | D:1      | Reached * piety under Lugonu
   505 | D:1      | Reached XP level 3. HP: 16/29 MP: 4/4
   806 | D:2      | Noticed Ijyb
   846 | D:2      | Killed Ijyb
   846 | D:2      | Reached XP level 4. HP: 12/35 MP: 5/5
  1187 | D:2      | Found a bloodstained altar of Trog.
  1187 | D:2      | Found a sparkling altar of Nemelex Xobeh.
  1297 | D:2      | Noticed Jessica
  1311 | D:2      | Killed Jessica
  1371 | D:2      | Reached ** piety under Lugonu
  1371 | D:2      | Reached XP level 5. HP: 36/41 MP: 6/6
  1443 | D:2      | Reached skill level 5 in Long Blades
  2294 | D:3      | Reached XP level 6. HP: 46/47 MP: 7/7
  2414 | D:3      | Found a faded altar to an unknown god.
  3011 | D:3      | Found a glowing golden altar of the Shining One.
  3103 | D:3      | Reached *** piety under Lugonu
  3159 | D:3      | Found a snail-covered altar of Cheibriados.
  4458 | D:4      | Reached XP level 7. HP: 50/52 MP: 8/8
  4504 | D:4      | HP: 1/52 [spatial distortion (2)]
  5688 | D:4      | Found an opulent altar of Gozag.
  5690 | D:4      | Found Gozag's Platinum Reserve.
  6025 | D:4      | Found a shadowy altar of Dithmenos.
  6121 | D:4      | Reached XP level 8. HP: 20/58 MP: 9/9
  7195 | D:5      | Entered Level 5 of the Dungeon
  7635 | D:5      | Found a shadowy altar of Dithmenos.
  7697 | D:5      | Reached skill level 10 in Long Blades
  7806 | D:5      | Reached **** piety under Lugonu
  7845 | D:5      | Noticed a moth of wrath
  7847 | D:5      | Found a bloodstained altar of Trog.
  8023 | D:5      | Found a bloodstained altar of Trog.
  8131 | D:5      | Found a staircase to the Ecumenical Temple.
  8276 | D:6      | Found a burning altar of Makhleb.
  8367 | D:6      | Found a shimmering altar of Xom.
  8387 | D:6      | Found Genice's General Store.
  8403 | D:6      | Reached XP level 9. HP: 32/66 MP: 10/10
  8592 | D:6      | Reached skill level 5 in Fighting
  8605 | D:6      | You fall through a shaft for 3 floors!
  9537 | D:6      | Found an ancient bone altar of Kikubaaqudgha.
  9634 | D:6      | Reached ***** piety under Lugonu
  9922 | D:7      | Noticed Menkaure
  9937 | D:7      | Killed Menkaure
 10376 | D:8      | Noticed Erica
 11128 | D:8      | Got a bloodstained chain mail
 11139 | D:8      | Identified the +1 chain mail of Qoubowoh {-Cast *Corrode rElec rPois} (You found it on level 8 of the Dungeon)
 11295 | D:7      | Reached XP level 10. HP: 9/80 MP: 11/11
 11620 | D:8      | Killed Erica
 12630 | D:9      | Found a white marble altar of Elyvilon.
 13042 | D:9      | Noticed Grum
 13091 | D:9      | You fall through a shaft!
 13091 | D:10     | Entered Level 10 of the Dungeon
 13585 | D:9      | Killed Grum
 13755 | D:9      | Found a staircase to the Orcish Mines.
 13795 | D:9      | Reached XP level 11. HP: 73/86 MP: 12/12
 13866 | D:9      | Noticed Pikel
 13880 | D:9      | Killed Pikel
 15098 | D:10     | Reached ****** piety under Lugonu
 15147 | D:10     | Reached skill level 5 in Shields
 15158 | D:10     | Reached skill level 1 in Evocations
 16272 | D:11     | Noticed a hill giant
 16284 | D:11     | Killed a hill giant
 16385 | D:10     | Reached skill level 5 in Invocations
 16425 | D:10     | Noticed a hill giant
 16433 | D:10     | Killed a hill giant
 16561 | D:10     | Noticed a hill giant
 16877 | D:10     | Killed a hill giant
 16877 | D:10     | Reached skill level 5 in Evocations
 16877 | D:10     | Reached XP level 12. HP: 68/92 MP: 16/16
 17177 | D:11     | Identified a +1 rod of clouds (13/13) (You found it on level 11 of the Dungeon)
 17319 | D:11     | Got a twisted shield
 17330 | D:11     | Identified the +2 shield of Marbles {rPois Int+2} (You found it on level 11 of the Dungeon)
 17452 | D:11     | Found a staircase to the Lair.
 18061 | Lair:1   | Entered Level 1 of the Lair of Beasts
 19167 | Lair:1   | Reached skill level 5 in Armour
 19834 | Lair:1   | Learned a level 2 spell: Repel Missiles
 20964 | Lair:2   | Reached XP level 13. HP: 64/99 MP: 17/17
 21640 | Lair:3   | Reached skill level 10 in Fighting
 21644 | Lair:3   | Found a staircase to the Snake Pit.
 22375 | Lair:3   | Noticed a four-headed hydra
 22387 | Lair:3   | Killed a one-headed hydra
 22834 | Lair:3   | Noticed a seven-headed hydra
 22843 | Lair:3   | Killed a one-headed hydra
 23066 | Lair:4   | You fall through a shaft for 2 floors!
 23837 | Lair:6   | Noticed a four-headed hydra
 23971 | Lair:6   | Killed a one-headed hydra
 23987 | Lair:6   | HP: 5/103 [merfolk/trident (14)]
 24407 | Lair:6   | Noticed an eight-headed hydra
 24417 | Lair:6   | Killed a one-headed hydra
 24417 | Lair:6   | Reached skill level 10 in Invocations
 24851 | Lair:5   | Reached XP level 14. HP: 108/110 MP: 21/21
 25976 | Lair:4   | Got a warped shortbow
 25977 | Lair:4   | Identified the cursed +2 shortbow "Gisu" {velocity, Dex+4} (You found it on level 4 of the Lair of Beasts)
 26746 | Lair:5   | Reached skill level 10 in Armour
 27515 | Lair:6   | Found a staircase to the Shoals.
 28310 | Lair:7   | Noticed Rupert
 28328 | Lair:7   | Killed Rupert
 28384 | Lair:7   | Found a viscous altar of Jiyva.
 28386 | Lair:7   | Found a staircase to the Slime Pits.
 28621 | Lair:8   | Entered Level 8 of the Lair of Beasts
 28915 | Lair:8   | Reached skill level 1 in Dodging
 29192 | Lair:8   | Reached XP level 15. HP: 96/118 MP: 23/23
 29474 | Lair:8   | Reached skill level 5 in Dodging
 31157 | Lair:8   | Got a brightly glowing brass amulet
 31159 | Lair:8   | Identified the amulet "Fepna" {rC+ Regen+ Str+2 Slay+3} (You found it on level 8 of the Lair of Beasts)
 31514 | D:12     | Found Kogimid's Weapon Shop.
 31700 | D:12     | Found an opulent altar of Gozag.
 32236 | D:13     | Noticed Azrael
 32259 | D:13     | Noticed Erolcha
 32270 | D:12     | Killed Azrael
 32349 | D:13     | Cast into level 2 of the Abyss (Erolcha)
 32360 | Abyss:2  | Noticed a tentacled starspawn
 32366 | Abyss:2  | Killed a tentacled starspawn
 32391 | Abyss:2  | Reached XP level 16. HP: 123/134 MP: 24/24
 32644 | Abyss:2  | Found a corrupted altar of Lugonu.
 32853 | Abyss:3  | Noticed a tentacled starspawn
 32890 | Abyss:3  | Killed a tentacled starspawn
 32892 | D:13     | Escaped the Abyss
 32897 | D:13     | Killed Erolcha
 33157 | D:13     | Noticed Sonja
 33161 | D:13     | Killed Sonja
 33517 | D:13     | Noticed Snorg
 33982 | D:13     | Found Zuxam's Armour Shoppe.
 34066 | D:13     | Killed Snorg
 34505 | D:14     | Found a blossoming altar of Fedhas.
 34866 | D:14     | Reached skill level 15 in Armour
 34920 | D:14     | Found a gate to the Vaults.
 35072 | D:14     | Noticed Kirke
 35087 | D:14     | Killed Kirke
 35309 | D:15     | Entered Level 15 of the Dungeon
 35327 | D:15     | Reached XP level 17. HP: 116/140 MP: 25/25
 35456 | D:15     | Noticed Roxanne
 35516 | D:15     | Killed Roxanne
 35518 | D:15     | Identified Roxanne's Guide on Stones (You took it off Roxanne on level 15 of the Dungeon)
 35621 | D:15     | HP: 7/140 [fire dragon/blast of flame (51)]
 35794 | D:15     | Found a staircase to the Depths.
 36464 | D:15     | Got a slimy silver ring
 36466 | D:15     | Identified the ring of Equilibrium {*Tele rN++} (You found it on level 15 of the Dungeon)
 36498 | D:15     | Found a shattered altar of Ashenzari.
 36878 | Orc:1    | Entered Level 1 of the Orcish Mines
 36878 | Orc:1    | Found a roughly hewn altar of Beogh.
 37581 | Orc:2    | Entered Level 2 of the Orcish Mines
 37597 | Orc:2    | Found a roughly hewn altar of Beogh.
 37615 | Orc:2    | Found a bloodstained altar of Trog.
 37756 | Orc:2    | Found a roughly hewn altar of Beogh.
 37794 | Orc:2    | Found Rajiweaf's Gadget Emporium.
 37901 | Orc:2    | Found a roughly hewn altar of Beogh.
 37924 | Orc:2    | Found Diphes's Distillery.
 37983 | Orc:2    | Found a roughly hewn altar of Beogh.
 38048 | Orc:2    | Found a frozen archway.
 38077 | IceCv    | Entered an ice cave
 38121 | IceCv    | Got a slimy lapis lazuli ring
 38123 | IceCv    | Identified the ring of Ofiggu {rC+ MR++ Str-5 Int+4} (You found it in an ice cave)
 38411 | Orc:2    | Reached skill level 15 in Fighting
 38445 | Orc:2    | Found a staircase to the Elven Halls.
 38834 | Orc:2    | Found a roughly hewn altar of Beogh.
 39036 | Orc:2    | Found Xuelon's Antique Armour Shop.
 39037 | Orc:2    | Found a roughly hewn altar of Beogh.
 39040 | Orc:2    | Found Zyfat's Antique Weapon Boutique.
 39081 | Orc:2    | Found Belouje's Food Shoppe.
 39227 | Elf:1    | Entered Level 1 of the Elven Halls
 39613 | Elf:1    | Found a portal to a secret trove of treasure.
 39737 | Elf:1    | Reached XP level 18. HP: 123/151 MP: 26/26
 40639 | Elf:2    | Found Malemodo's Weapon Shoppe.
 41528 | Elf:2    | Reached skill level 10 in Evocations
 41532 | Elf:2    | Found a runed gate.
 41532 | Elf:2    | Found a runed gate.
 41534 | Elf:2    | Found a runed gate.
 42327 | Elf:2    | Reached XP level 19. HP: 150/163 MP: 28/28
 42466 | Elf:3    | Entered Level 3 of the Elven Halls
 43339 | Elf:3    | Noticed a deep elf blademaster
 43377 | Elf:3    | Killed a deep elf blademaster
 43582 | Elf:3    | Got a transparent jade amulet
 43591 | Elf:3    | Identified the amulet of the Equinox {+Rage rC++ rN+} (You took it off a deep elf blademaster on level 3 of the Elven Halls)
 43834 | Elf:3    | Noticed a Tzitzimitl
 44181 | Elf:3    | Reached skill level 15 in Invocations
 44580 | Elf:3    | Cast into level 3 of the Abyss (a deep elf sorcerer)
 44724 | Abyss:3  | Noticed a profane servitor
 44756 | Abyss:3  | Killed a profane servitor
 44970 | Abyss:3  | Reached XP level 20. HP: 150/170 MP: 32/32
 44983 | Elf:3    | Escaped the Abyss
 45283 | Elf:3    | Identified the Volume of Frigorific Slavery
 45330 | Elf:3    | Gained mutation: Your natural rate of healing is unusually fast. [helix card]
 45333 | Elf:3    | Got a translucent arbalest
 45334 | Elf:3    | Identified the cursed +2 arbalest "Pourets" {freeze, Str+5 Stlth-} (You found it on level 3 of the Elven Halls)
 45785 | Snake:1  | Entered Level 1 of the Snake Pit
 45965 | Snake:1  | You fall through a shaft!
 47235 | Snake:2  | Reached skill level 10 in Shields
 47427 | Snake:2  | Found a shadowy altar of Dithmenos.
 47930 | Snake:3  | Gained mutation: You are covered in fur (AC +1). [potion of beneficial mutation]
 48695 | Snake:4  | Entered Level 4 of the Snake Pit
 49379 | Snake:4  | Reached XP level 21. HP: 180/186 MP: 33/33
 49760 | Snake:4  | Got a serpentine rune of Zot
 49898 | Snake:4  | Gained mutation: Your flesh is cold resistant. [potion of beneficial mutation]
 50855 | Shoals:1 | Entered Level 1 of the Shoals
 52496 | Shoals:3 | Reached skill level 15 in Shields
 52661 | Shoals:3 | Found Sewaosant's Weapon Boutique.
 52679 | Shoals:3 | Noticed Polyphemus
 52742 | Shoals:3 | Killed Polyphemus
 53304 | Shoals:4 | Entered Level 4 of the Shoals
 53318 | Shoals:4 | Noticed Ilsuiw
 53537 | Shoals:3 | Reached XP level 22. HP: 93/196 MP: 34/34
 53990 | Shoals:4 | Got a barnacled rune of Zot
 54202 | Shoals:4 | Killed Ilsuiw
 54218 | Shoals:4 | Reached skill level 15 in Long Blades
 54536 | Shoals:4 | Found Girupuib's Assorted Antiques.
 54547 | Shoals:4 | Bought a pair of glowing gloves for 135 gold pieces
 54722 | Shoals:4 | Got a steaming iron ring
 54724 | Shoals:4 | Identified the ring of Faneth {rC+ rN++ Stlth-} (You took it off a merfolk impaler on level 4 of the Shoals)
 55301 | Vaults:1 | Entered Level 1 of the Vaults
 56287 | Vaults:1 | You fall through a shaft!
 56565 | Vaults:2 | Identified a +2 pair of boots of running (You found it on level 2 of the Vaults)
 57177 | Vaults:2 | Reached XP level 23. HP: 181/202 MP: 35/35
 58336 | Vaults:3 | Found a staircase to the Crypt.
 58847 | Vaults:3 | Found Deosagg's Food Shop.
 59403 | Vaults:4 | Noticed Sojobo
 59428 | Vaults:3 | Killed Sojobo
 59849 | Vaults:4 | Found Pymn's General Store.
 59859 | Vaults:4 | Noticed Wiglaf
 59887 | Vaults:4 | Killed Wiglaf
 59896 | Vaults:4 | Reached XP level 24. HP: 204/208 MP: 35/35
 60057 | Vaults:4 | Found a radiant altar of Vehumet.
 60735 | Depths:1 | Entered Level 1 of the Depths
 60774 | Depths:1 | Found a gateway to Hell.
 60857 | Depths:1 | Noticed Aizul
 60870 | Depths:1 | Killed Aizul
 61071 | Depths:1 | Noticed Nikola
 61095 | Depths:1 | Killed Nikola
 61254 | Depths:1 | Found Itaz's Quality Used Wands.
 61292 | Depths:1 | Found a one-way gate leading to the halls of Pandemonium.
 61438 | Depths:1 | Noticed the Enchantress
 61477 | Depths:1 | Killed the Enchantress
 61505 | Depths:1 | Got a faerie dragon armour
 61516 | Depths:1 | Identified the +2 faerie dragon armour {rC+ HP+2 Str+4} (You took it off the Enchantress on level 1 of the Depths)
 61843 | Depths:2 | Noticed Mara
 61844 | Depths:2 | Noticed Canard's illusion
 61876 | Depths:2 | Killed Mara
 62272 | Depths:2 | Noticed Saint Roka
 62311 | Depths:2 | Killed Saint Roka
 62549 | Depths:2 | Reached skill level 15 in Evocations
 63187 | Depths:3 | Reached XP level 25. HP: 214/214 MP: 35/35
 63642 | Depths:3 | Noticed a juggernaut
 63643 | Depths:3 | Noticed a juggernaut
 63695 | Depths:3 | Killed a juggernaut
 63987 | Depths:3 | Killed a juggernaut
 64987 | Depths:3 | Learned a level 1 spell: Summon Butterflies
 65003 | Depths:3 | Found a gateway to a ziggurat.
 65054 | Depths:3 | Reached skill level 5 in Throwing
 66235 | Depths:4 | Reached skill level 10 in Throwing
 66439 | Depths:4 | Reached XP level 26. HP: 209/222 MP: 35/35
 66452 | Depths:4 | Noticed Margery
 66588 | Depths:4 | Killed Margery
 66676 | Depths:4 | Got a twitching marble ring
 66677 | Depths:4 | Identified the ring "Ofull" {rElec rF+ MR- Str+4} (You took it off a centaur warrior on level 4 of the Depths)
 66877 | Depths:4 | Found a one-way gate to the infinite horrors of the Abyss.
 66879 | Depths:4 | Noticed Louise
 66892 | Depths:4 | Killed Louise
 67315 | Depths:4 | Noticed a juggernaut
 67331 | Depths:4 | Killed a juggernaut
 67717 | Depths:5 | Entered Level 5 of the Depths
 68172 | Depths:5 | Found a gate to the Realm of Zot.
 68262 | Depths:5 | Found a radiant altar of Vehumet.
 68263 | Depths:5 | Found a burning altar of Makhleb.
 68263 | Depths:5 | Found a shattered altar of Ashenzari.
 68776 | Depths:5 | Noticed Frederick
 68794 | Depths:5 | Killed Frederick
 68804 | Depths:5 | Reached XP level 27. HP: 214/229 MP: 36/36
 69771 | Depths:5 | Learned a level 3 spell: Regeneration
 70414 | Depths:4 | Voluntarily entered the Abyss.
 70675 | Abyss:3  | Got a pair of pitted boots
 70797 | Abyss:3  | Identified the +2 pair of boots "Xoblakao" {rPois rN++ Int-3 Stlth+} (You found it on level 3 of the Abyss)
 71014 | Abyss:3  | Got an abyssal rune of Zot
 71040 | Depths:4 | Escaped the Abyss
 71041 | Depths:4 | Upgraded the game from 0.18.1-5-g4a78601 to 0.18.1-6-gd335043
 71219 | Zot:1    | Entered Level 1 of the Realm of Zot
 73180 | Zot:2    | Reached skill level 15 in Throwing
 73782 | Zot:2    | Noticed an ancient lich
 73801 | Zot:2    | Killed an ancient lich
 76116 | Vaults:5 | Entered Level 5 of the Vaults
 76293 | Vaults:4 | Drew Focus: Str increased to 25, Dex decreased to 13
 77088 | Abyss:1  | Gained mutation: You are clumsy. (Dex -2) [a neqoxec]
 77124 | Abyss:1  | Noticed an ancient lich
 77132 | Abyss:1  | Killed an ancient lich
 77418 | Vaults:5 | Escaped the Abyss
 78183 | Vaults:5 | Got a silver rune of Zot
 78325 | Vaults:5 | Got a jewelled scale mail
 78326 | Vaults:5 | Identified the cursed +1 scale mail of Hysteria {Str+5 Dex-3} (You found it on level 5 of the Vaults)
 79017 | Vaults:5 | Identified the Catalogue of Clay and Enhancements (You found it on level 5 of the Vaults)
 79455 | Slime:1  | Entered Level 1 of the Pits of Slime
 79556 | Slime:2  | Gained mutation: Scrolls take you a little longer to read. [a shining eye]
 80050 | Slime:6  | Entered Level 6 of the Pits of Slime
 80528 | Slime:6  | Noticed the Royal Jelly
 80974 | Slime:6  | Found a viscous altar of Jiyva.
 81011 | Slime:6  | Killed the Royal Jelly
 81070 | Slime:6  | Got a warped lead ring
 81073 | Slime:6  | Identified the ring "Finwithi" {rPois MR- Str+2 Int+3} (You found it on level 6 of the Pits of Slime)
 81104 | Slime:6  | Got a slimy rune of Zot
 81112 | Slime:6  | Lost mutation: Your natural rate of healing is unusually fast. [helix card]
 81112 | Slime:6  | Lost mutation: Your flesh is cold resistant. [helix card]
 81117 | Slime:6  | Lost mutation: You are clumsy. (Dex -2) [potion of cure mutation]
 81117 | Slime:6  | Lost mutation: Scrolls take you a little longer to read. [potion of cure mutation]
 81117 | Slime:6  | Lost mutation: You are covered in fur (AC +1). [potion of cure mutation]
 81175 | Slime:6  | Got a clouded bone amulet
 81176 | Slime:6  | Identified the amulet "Pammoohyu" {Reflect Int+2 SH+2} (You found it on level 6 of the Pits of Slime)
 81828 | Zot:3    | Hired Joodu the merfolk for 328 gold.
 81830 | Zot:3    | Drew Focus: Str increased to 26, Dex decreased to 12
 81832 | Zot:3    | Hired Unguocluill the tengu for 133 gold.
 81844 | Zot:4    | Your ally Unguocluill died
 81848 | Zot:4    | Your ally Joodu died
 82404 | Zot:4    | Reached skill level 27 in Armour
 82465 | Zot:4    | Noticed an orb of fire
 82482 | Zot:4    | Killed an orb of fire
 83060 | Zot:5    | Entered Level 5 of the Realm of Zot
 83077 | Zot:5    | Noticed an orb of fire
 83096 | Zot:5    | Gained mutation: You are clumsy. (Dex -2) [an orb of fire]
 83097 | Zot:5    | Gained mutation: You are very clumsy. (Dex -4) [an orb of fire]
 83099 | Zot:5    | Killed an orb of fire
 83115 | Zot:5    | Reached skill level 27 in Fighting
 83247 | Zot:5    | Lost mutation: You are very clumsy. (Dex -4) [potion of cure mutation]
 83247 | Zot:5    | Lost mutation: You are clumsy. (Dex -2) [potion of cure mutation]
 83338 | Zot:5    | Noticed an orb of fire
 83354 | Zot:5    | Killed an orb of fire
 83651 | Zot:5    | Noticed an ancient lich
 83660 | Zot:5    | Killed an ancient lich
 83692 | Zot:5    | Corrupted Zot:5
 83694 | Zot:5    | Noticed an orb of fire
 83711 | Zot:5    | Noticed an ancient lich
 83720 | Zot:5    | Gained mutation: Armour fits poorly on your strangely shaped body. [an orb of fire]
 83725 | Zot:5    | Killed an orb of fire
 83728 | Zot:5    | Killed an ancient lich
 83812 | Zot:5    | Noticed an orb of fire
 83816 | Zot:5    | Gained mutation: Your magical capacity is low (-10% MP). [an orb of fire]
 83827 | Zot:5    | Killed an orb of fire
 83828 | Zot:5    | Lost mutation: Your magical capacity is low (-10% MP). [potion of cure mutation]
 83828 | Zot:5    | Lost mutation: Armour fits poorly on your strangely shaped body. [potion of cure mutation]
 84029 | Zot:5    | Noticed an orb of fire
 84036 | Zot:5    | Gained mutation: You are clumsy. (Dex -2) [an orb of fire]
 84043 | Zot:5    | Gained mutation: Armour fits poorly on your strangely shaped body. [an orb of fire]
 84050 | Zot:5    | Killed an orb of fire
 84051 | Zot:5    | Lost mutation: You are clumsy. (Dex -2) [potion of cure mutation]
 84051 | Zot:5    | Lost mutation: Armour fits poorly on your strangely shaped body. [potion of cure mutation]
 84156 | Zot:5    | Got the Orb of Zot
 84181 | Zot:5    | Noticed Kuseogag the pandemonium lord
 84185 | Zot:5    | Noticed Tiz Oje the pandemonium lord
 84211 | Zot:5    | Noticed an orb of fire
 84214 | Zot:5    | Noticed an orb of fire
 84247 | Zot:5    | Gained mutation: Your spells are a little easier to cast, but a little less powerful. [an orb of fire]
 84250 | Zot:5    | Gained mutation: You are clumsy. (Dex -2) [an orb of fire]
 84255 | Zot:5    | Gained mutation: Your spells are easier to cast, but less powerful. [an orb of fire]
 84260 | Zot:5    | Killed an orb of fire
 84262 | Zot:5    | Gained mutation: Your body sometimes deteriorates upon taking damage. [an orb of fire]
 84271 | Zot:5    | Killed an orb of fire
 84281 | Zot:5    | Noticed an orb of fire
 84290 | Zot:5    | Gained mutation: Your spells are much easier to cast, but much less powerful. [an orb of fire]
 84294 | Zot:5    | Gained mutation: Your body often deteriorates upon taking damage. [an orb of fire]
 84442 | Abyss:1  | Found a corrupted altar of Lugonu.
 84544 | Abyss:1  | Found a corrupted altar of Lugonu.
 84753 | Zot:5    | Escaped the Abyss
 84779 | Zot:5    | Noticed Ekiuwofi the pandemonium lord
 85187 | Zot:5    | Escaped the Abyss
 85225 | Zot:5    | Noticed an orb of fire
 85226 | Zot:5    | Noticed an orb of fire
 85246 | Zot:5    | HP: 10/249 [orb of fire/bolt of fire (19)]
 85247 | Zot:5    | Killed from afar by an orb of fire

Skill      XL: |  1  2  3  4  5  6  7  8  9 10 11 12 13 14 15 16 17 18 19 20 21 22 23 24 25 26 27 |
---------------+----------------------------------------------------------------------------------+-----
Long Blades    | 3 4 5 7 8 10 13 14 16 18 21 | 21.6
Fighting       | 4 8 10 11 14 16 17 21 27 | 27.0
Armour         | 4 8 11 15 18 20 22 27 | 27.0
Shields        | 5 9 11 15 | 15.0
Evocations     | 5 9 12 13 14 15 16 19 20 | 20.7
Invocations    | 6 10 11 16 17 | 17.6
Dodging        | 3 5 |  5.0
Throwing       | 10 12 18 | 18.1

Action                   |  1- 3 |  4- 6 |  7- 9 | 10-12 | 13-15 | 16-18 | 19-21 | 22-24 | 25-27 || total
-------------------------+-------+-------+-------+-------+-------+-------+-------+-------+-------++-------
Melee: Falchion          |   110 |   259 |   292 |    14 |       |       |       |       |       ||   675
       Long sword        |       |       |   295 |       |       |       |     5 |       |       ||   300
       Scimitar          |       |       |       |   800 |  1410 |  1867 |  1950 |  1180 |       ||  7207
       Great sword       |       |       |       |       |       |       |       |   961 |  4000 ||  4961
 Fire: Hunting sling     |       |       |     3 |       |       |       |       |       |       ||     3
       Shortbow          |       |       |     4 |     4 |     2 |       |       |       |       ||    10
Throw: Javelin           |       |       |       |       |       |       |       |       |   195 ||   195
 Cast: Repel Missiles    |       |       |       |     1 |       |       |       |       |       ||     1
Invok: Depart the Abyss  |     1 |       |       |       |       |     1 |     1 |       |       ||     3
       Bend Space        |       |       |     2 |     2 |     1 |       |       |       |    12 ||    17
       Enter the Abyss   |       |       |       |       |       |       |       |       |     3 ||     3
       Corrupt           |       |       |       |       |       |       |       |       |     1 ||     1
 Abil: Dig               |     1 |       |     1 |     9 |    15 |    13 |    16 |     5 |    48 ||   108
       Shaft Self        |       |       |     1 |     1 |     1 |       |     1 |     1 |       ||     5
       Evoke Invisibilit |       |       |       |       |       |       |       |       |     2 ||     2
Evoke: Wand              |       |       |     3 |     3 |       |       |     1 |       |       ||     7
       Rod               |       |       |       |       |     2 |     2 |     7 |    13 |    31 ||    55
       Phial of floods   |       |       |       |       |       |       |     1 |       |     3 ||     4
       Phantom mirror    |       |       |       |       |       |       |     1 |       |       ||     1
       Deck              |       |       |       |       |       |       |     1 |       |    11 ||    12
       Fan of gales      |       |       |       |       |       |       |       |       |     5 ||     5
       Lamp of fire      |       |       |       |       |       |       |       |       |     2 ||     2
       Box of beasts     |       |       |       |       |       |       |       |       |     1 ||     1
  Use: Potion            |       |       |     2 |       |     1 |     3 |     3 |       |    17 ||    26
       Scroll            |       |       |       |    23 |     6 |     4 |    14 |     2 |    46 ||    95
 Stab: Sleeping          |     1 |       |       |       |       |       |       |       |       ||     1
       Paralysed         |       |       |     5 |       |       |       |       |       |       ||     5
       Distracted        |       |       |       |       |       |       |       |       |     2 ||     2
  Eat: Chunk             |       |     8 |    19 |    31 |    38 |    32 |    25 |    39 |    44 ||   236
       Fruit             |       |     1 |     2 |       |     2 |       |     2 |       |     1 ||     8
       Meat ration       |       |     1 |       |       |       |     1 |     2 |       |     4 ||     8
       Pizza             |       |       |       |       |     1 |       |     2 |       |     1 ||     4
       Bread ration      |       |       |       |       |       |       |     1 |       |     6 ||     7
       Beef jerky        |       |       |       |       |       |       |       |       |     1 ||     1
Armor: Leather armour    |    34 |    63 |   144 |   113 |    87 |       |       |       |       ||   441
       Chain mail        |       |       |    22 |       |       |       |       |       |       ||    22
       Scale mail        |       |       |       |    28 |       |       |       |       |       ||    28
       Storm dragon armo |       |       |       |       |   139 |    48 |       |       |       ||   187
       Plate armour      |       |       |       |       |       |   448 |    22 |       |       ||   470
       Gold dragon armou |       |       |       |       |       |       |   480 |   588 |  1461 ||  2529
Dodge: Dodged            |    79 |   157 |   281 |   310 |   471 |   734 |   588 |   683 |  1369 ||  4672
       Deflected         |       |       |       |       |     4 |       |       |       |       ||     4
Block: Buckler           |       |       |       |    47 |       |       |       |       |       ||    47
       Shield            |       |       |       |   124 |   619 |   955 |   336 |       |       ||  2034
       Large shield      |       |       |       |       |       |       |  1102 |  2055 |  3687 ||  6844
       Reflection        |       |       |       |       |       |       |   115 |   153 |   138 ||   406
